 Dungeon Crawl Stone Soup version 0.31.0-1-g2c135a0 (webtiles) character file.

Game seed: 2953238295032838583

10234 GeorgeSoros the Fighter (level 11, -1/81 HPs)
             Began as a Demonspawn Ice Elementalist on Feb 18, 2024.
             Was a Priest of Hepliaklqana.
             Slain by an ice beast (8 damage)
             ... summoned by an ice statue
             ... in an ice cave on Feb 20, 2024.
             The game lasted 00:57:12 (11690 turns).

GeorgeSoros the Fighter (DsIE)                     Turns: 11690, Time: 00:57:13

Health: -1/81      AC: 16    Str:  9    XL:     11   Next: 33%
Magic:  21/23      EV: 11    Int: 25    God:    Hepliaklqana [***...]
Gold:   811        SH:  0    Dex: 14    Spells: 3/14 levels left

rFire   . . .        q - +4 spear (flame)
rCold   . . .        (no shield)
rNeg    . . .        f - +0 acid dragon scales
rPois   .            v - +2 helmet
rElec   .            (no cloak)
rCorr   +            (no gloves)
SInv    .            a - +0 pair of boots
Will    .....        (no amulet)
Stlth   ++           h - ring of magical power
HPRegen 0.33/turn    p - +6 ring of intelligence
MPRegen 0.18/turn

%: no passive effects
@: mighty, ice-armoured
A: reduced essence, ignite blood 2, powered by pain 1, weakness stinger 2
a: Renounce Religion, Recall Ancestor, Ancestor Identity, Transference


You were in an ice cave.
You worshipped Hepliaklqana.
Hepliaklqana was most pleased with you.
You visited 3 branches of the dungeon, and saw 12 of its levels.
You also visited: Ice Cave.

You collected 811 gold pieces.

Inventory:

Hand Weapons
 q - a +4 spear of flaming (weapon)
Armour
 a - a +0 pair of boots (worn)
 c - a scarf of shadows
 f - +0 acid dragon scales (worn)
 i - a +3 leather armour
 v - a +2 helmet (worn)
Jewellery
 d - a ring of ice
 h - a ring of magical power (left hand)
 p - a +6 ring of intelligence (right hand)
Wands
 g - a wand of mindburst (12)
 k - a wand of flame (4)
 w - a wand of polymorph (6)
Scrolls
 e - a scroll of blinking
 j - 3 scrolls of identify
 r - 3 scrolls of teleportation
 y - a scroll of poison
Potions
 b - 4 potions of magic
 l - 4 potions of mutation
 m - a potion of cancellation
 n - 2 potions of brilliance
 o - a potion of might
 s - 3 potions of curing
 u - 2 potions of enlightenment
 x - 2 potions of attraction {unknown}


   Skills:
 - Level 10.0 Fighting
 - Level 3.0 Armour
 - Level 1.7 Dodging
 - Level 1.7 Stealth
 - Level 2.2 Spellcasting
 + Level 8.7 Summonings
 + Level 0.3 Fire Magic
 - Level 8.0 Ice Magic
 + Level 7.9 Air Magic


You had 3 spell levels left.
You knew the following spells:

 Your Spells              Type           Power      Damage    Failure   Level
a - Freeze                Ice            100%       1d10      1%          1
b - Frozen Ramparts       Ice            84%        1d13      1%          3
c - Ozocubu's Armour      Ice            42%        N/A       1%          3
d - Summon Lightning Spi  Summ/Air       44%        N/A       6%          4

Your spell library contained the following spells:

 Spells                   Type           Power      Damage    Failure   Level
 Summon Small Mammal      Summ           100%       N/A       1%          1
 Call Canine Familiar     Summ           46%        N/A       1%          3
 Summon Ice Beast         Ice/Summ       44%        N/A       1%          3
 Static Discharge         Conj/Air       44%        3-5/arc   5%          2
 Inner Flame              Hex/Fire       3%         N/A       45%         3
 Volatile Blastmotes      Fire/Tloc      6%         2d10      45%         3
 Sigil of Binding         Hex            2%         N/A       47%         3
 Airstrike                Air            21%        2d(3-19)  7%          4
 Summon Blazeheart Golem  Fire/Summ      25%        N/A       26%         4
 Flame Wave               Conj/Fire      3%         2d5       86%         4
 Sticky Flame             Fire/Alch      3%         2d4       86%         4
 Dimensional Bullseye     Hex/Tloc       1%         N/A       87%         4
 Fulminant Prism          Conj/Alch      1%         3d5       87%         4
 Iskenderun's Mystic Bla  Conj/Tloc      2%         2d3       87%         4


Dungeon Overview and Level Annotations

Branches:
Dungeon (10/15)            Temple (1/1) D:5            Lair (1/5) D:9
  IceCv (1/1)
    Orc: D:9-12

Altars:
Ashenzari
Cheibriados
Dithmenos
Fedhas
Hepliaklqana
Kikubaaqudgha
Makhleb
Okawaru
Ru
Sif Muna
Trog
Uskayaw
Vehumet
Wu Jian
Xom
Yredelemnul

Shops:
D:2 ?=   D:7 *

Annotations:
D:6 1 runed translucent door, Crazy Yiuf
D:10 2 transporters, Urug IceCv exclusion: ice statue


Innate Abilities, Weirdness & Mutations

Your life essence is reduced to manifest your ancestor. (-10% HP)
Your demonic aura often causes spilled blood to erupt in flames.
You sometimes gain a little power by taking damage.
You have a tail ending in a sharp stinger.


Message History

The ice statue gestures at Shatu-murrim.
The shard of ice hits Shatu-murrim!!
Shatu-murrim partially resists.
The ice beast hits you but does no damage.
Shatu-murrim hits the ice statue but does no damage.
The ice beast hits you. The ice beast freezes you.
* * * LOW HITPOINT WARNING * * *
You hit the ice beast.
You melt the ice beast.
The ice beast is moderately wounded.
The ice statue gestures at Shatu-murrim.
The freezing blast engulfs Shatu-murrim.
Shatu-murrim resists.
Shatu-murrim is destroyed!
The ice beast hits you but does no damage.
You puncture the ice beast!
You melt the ice beast.
The ice beast is heavily wounded.
The ice beast closely misses you.
The ice beast hits you but does no damage. x2
The ice statue gestures at you.
The freezing blast engulfs the ice beast.
The ice beast completely resists.
You puncture the ice beast!
You melt the ice beast.
You tail-slap the ice beast.
You kill the ice beast!
The ice beast disappears in a puff of smoke!
You are engulfed in freezing vapours.
* * * LOW HITPOINT WARNING * * *
You focus on the pain.
You feel mightier all of a sudden.
The ice beast hits you but does no damage. x2
The ice beast closely misses you.
You feel much better.
You are engulfed in freezing vapours.
* * * LOW HITPOINT WARNING * * *
The ice beast hits you but does no damage.
The ice statue gestures at you.
The bolt of cold hits the ice beast.
The ice beast completely resists.
The bolt of cold misses you. The ice beast hits you.
* * * LOW HITPOINT WARNING * * *
The ice beast freezes you!
You die...

### #.## .#.##
#.#.## ####.#
## ##..# #.#
#...## #.#####
#.⌠..##
##.#○Y##
##.....#
#°°°°Y@#
#...#..##
#○8○##○##
#..###..#
#°°°##○☼# ..##
##.####.####°#
.## #..# ##
##.○# .##
#..## ##..##
#.# ##..#
#...# #.# ##.#
#...# ..# #..#
##..##


You could see an ice statue and 2 ice beasts.

Vanquished Creatures
  A hydra (D:10)
  2 two-headed ogres (D:9)
  A black mamba (Lair:1)
  2 kobold demonologists (D:7)
  A komodo dragon (Lair:1)
  A wyvern (D:9)
  9 yaks
  A wraith (D:5)
  Grum (D:9)
  2 vampire mosquitoes (D:8)
  Menkaure (D:6)
  A steam dragon (D:5)
  2 acid dragons (D:8)
  A water moccasin (Lair:1)
  Edmund (D:6)
  An orc warrior (D:7)
  2 sky beasts
  2 ice beasts
  A wolf (D:9)
  2 ogres
  2 centaurs
  3 kobold brigands
  5 bullfrogs
  A scorpion (D:5)
  2 gnoll sergeants
  A two-headed ogre simulacrum (IceCv)
  7 wights
  3 killer bees (D:9)
  3 hounds
  2 jellies
  3 orc priests
  5 orc wizards
  2 spriggan simulacra (IceCv)
  16 gnolls
  3 adders
  A white imp (D:6)
  3 ufetubi (IceCv)
  4 dart slugs
  2 ribbon worms
  16 orcs
  13 ball pythons
  7 endoplasms
  A giant cockroach (D:4)
  3 goblins
  4 hobgoblins
  3 jackals (D:2)
  8 quokkas
  2 bats (D:3)
  3 frilled lizards
  32 kobolds
  5 rats
200 creatures vanquished.

Vanquished Creatures (collateral kills)
  2 kobold demonologists (D:7)
  A shadow (D:10)
  A dire elephant simulacrum (IceCv)
  A vampire mosquito (D:8)
  A harpy simulacrum (IceCv)
  An acid dragon (D:9)
  A water moccasin (D:9)
  An ice beast (D:7)
  A wolf (D:9)
  A kobold brigand (D:8)
  A wight (D:7)
  An elephant simulacrum (IceCv)
  A howler monkey (D:7)
  A hound (D:7)
  A spriggan simulacrum (IceCv)
  A polar bear simulacrum (IceCv)
  3 troll simulacra (IceCv)
  3 wolf simulacra
  3 naga simulacra (IceCv)
  A white imp (IceCv)
  6 orcs
  A kobold (D:8)
34 creatures vanquished.

Vanquished Creatures (others)
  5 knights
5 creatures vanquished.

Grand Total: 239 creatures vanquished

Notes
Turn   | Place    | Note
-------+----------+-------------------------------------------
     0 | D:1      | GeorgeSoros the Demonspawn Ice Elementalist began the quest
                  | for the Orb.
     0 | D:1      | Reached XP level 1. HP: 13/13 MP: 3/3
   217 | D:1      | Gained mutation: You have a small tail. [demonic ancestry]
   217 | D:1      | Reached XP level 2. HP: 19/19 MP: 3/5
   612 | D:1      | Found a faded altar of an unknown god.
   996 | D:2      | Found Daoziq's Jewellery Shop.
  1052 | D:2      | Gained mutation: Your demonic aura sometimes causes spilled
                  | blood to erupt in flames. [demonic ancestry]
  1052 | D:2      | Reached XP level 3. HP: 25/25 MP: 6/6
  1056 | D:2      | Learned a level 3 spell: Frozen Ramparts
  1061 | D:2      | Found Vacaom's Magic Scroll Shoppe.
  1552 | D:2      | Reached skill level 1 in Fighting
  1929 | D:3      | Found a shimmering altar of Xom.
  2413 | D:3      | Reached XP level 4. HP: 32/32 MP: 7/7
  2690 | D:3      | Learned a level 3 spell: Ozocubu's Armour
  2816 | D:4      | Reached skill level 5 in Ice Magic
  3054 | D:4      | Reached skill level 2 in Fighting
  3054 | D:4      | Reached skill level 1 in Armour
  3054 | D:4      | Reached XP level 5. HP: 36/38 MP: 8/8
  3308 | D:4      | Noticed an ogre
  3322 | D:4      | Killed an ogre
  3573 | D:4      | Reached XP level 6. HP: 41/46 MP: 9/9
  3872 | D:5      | Entered Level 5 of the Dungeon
  4019 | D:5      | Noticed a wraith
  4053 | D:5      | Reached skill level 3 in Fighting
  4104 | D:5      | Noticed a steam dragon
  4120 | D:5      | Killed a steam dragon
  4121 | D:5      | Reached XP level 7. HP: 15/52 MP: 10/10
  4281 | D:5      | Found a staircase to the Ecumenical Temple.
  4290 | Temple   | Entered the Ecumenical Temple
  4369 | Temple   | Became a worshipper of Hepliaklqana the Forgotten
  4741 | D:5      | Killed a wraith
  4742 | D:5      | Reached skill level 4 in Fighting
  4865 | D:5      | Found a burning altar of Makhleb.
  5195 | D:6      | Gained mutation: You sometimes gain a little power by
                  | taking damage. [demonic ancestry]
  5195 | D:6      | Reached XP level 8. HP: 61/61 MP: 11/11
  5385 | D:6      | Reached skill level 5 in Fighting
  5390 | D:6      | Learned a level 4 spell: Summon Lightning Spire
  5524 | D:6      | Noticed Edmund
  5552 | D:6      | Killed Edmund
  5553 | D:6      | Reached skill level 1 in Summonings
  5553 | D:6      | Reached skill level 1 in Air Magic
  5667 | D:6      | Noticed Menkaure
  5700 | D:6      | Killed Menkaure
  5935 | D:6      | Reached skill level 6 in Fighting
  6505 | D:6      | Found a runed translucent door.
  6506 | D:6      | Noticed Crazy Yiuf
  6616 | D:6      | Reached XP level 9. HP: 70/70 MP: 12/12
  6739 | D:7      | Reached * piety under Hepliaklqana
  7295 | D:7      | Found a basalt altar of Yredelemnul.
  7407 | D:7      | Reached skill level 7 in Fighting
  7446 | D:7      | Found Qeqata's Assorted Antiques.
  7585 | D:7      | Noticed a kobold demonologist
  7595 | D:7      | Killed a kobold demonologist
  7595 | D:7      | Noticed a kobold demonologist
  7599 | D:7      | Killed a kobold demonologist
  7599 | D:7      | Noticed a kobold demonologist
  7600 | D:7      | Noticed a hellwing
  7603 | D:7      | Killed a kobold demonologist
  7604 | D:7      | Reached skill level 5 in Summonings
  7604 | D:7      | Noticed a kobold demonologist
  7604 | D:7      | Noticed a hellwing
  7609 | D:7      | Killed a kobold demonologist
  7610 | D:7      | Reached skill level 5 in Air Magic
  7701 | D:7      | Reached skill level 8 in Fighting
  8067 | D:7      | Reached ** piety under Hepliaklqana
  8068 | D:7      | Remembered your ancestor Shatu-murrim as a knight
  8083 | D:7      | Gained mutation: Your demonic aura often causes spilled
                  | blood to erupt in flames. [demonic ancestry]
  8083 | D:7      | Reached XP level 10. HP: 55/72 MP: 13/13
  9080 | D:8      | Found a snail-covered altar of Cheibriados.
  9950 | D:9      | Noticed a two-headed ogre
  9951 | D:9      | Reached skill level 9 in Fighting
  9957 | D:9      | Killed a two-headed ogre
  9988 | D:9      | Noticed Grum
 10003 | D:9      | Killed Grum
 10075 | D:9      | Reached *** piety under Hepliaklqana
 10252 | D:9      | Noticed a two-headed ogre
 10262 | D:9      | Killed a two-headed ogre
 10264 | D:9      | Gained mutation: You have a tail ending in a sharp stinger.
                  | [demonic ancestry]
 10264 | D:9      | Reached XP level 11. HP: 76/81 MP: 14/14
 10328 | D:9      | Found a staircase to the Lair.
 10471 | D:9      | You fall into a shaft and drop 1 floor!
 10471 | D:10     | Entered Level 10 of the Dungeon
 10601 | D:10     | Found a transporter.
 10605 | D:10     | Found a transporter.
 10605 | D:10     | Noticed a boulder beetle
 10616 | D:10     | Noticed a seven-headed hydra
 10623 | D:10     | Killed a seven-headed hydra
 10751 | D:10     | Noticed Urug
 10788 | Lair:1   | Entered Level 1 of the Lair of Beasts
 10922 | Lair:1   | Reached skill level 10 in Fighting
 11023 | Lair:1   | Found a frozen archway.
 11062 | IceCv    | Entered an ice cave
 11689 | IceCv    | HP: 1/81 [ice statue] (20)]
 11690 | IceCv    | Slain by an ice beast

Illustrated notes

Levels and vault maps discovered:
D:1:      reono_arrival_forest_river, layout_basic,
          shapermc_ecumenical_altar_mp_ritualfount
D:2:      layout_basic, serial_shops, nicolae_diamond_shop, shop,
          chequers_serial_rivers_large_b, grunt_decor_mini_mirrors
D:3:      layout_basic, amcnicky_altar_gilded, kennysheep_small_spiral,
          nicolae_underground_beach
D:4:      layout_cave_pods
D:5:      layout_gridville, mainiacjoe_overflow_surrounded_room,
          minmay_temple_entry_gardened_gates, guppyfry_early_orc_mine
D:6:      layout_cave_pools, uniq_crazy_yiuf_cottage, uniq_edmund, uniq_menkaure
D:7:      layout_gridville, mainiacjoe_overflow_big_doors, serial_shops, shop
D:8:      layout_layer_cave, chei_slow_surprise
D:9:      layout_stronghold, lair_entry_dummy, uniq_grum
D:10:     gammafunk_boulding_lane, layout_gridville, minitemple, serial_glass,
          glass_columns_a, glass_columns_a, corexii_leaking_fountain,
          chequers_serial_rivers_room_a, uniq_urug, uniq_josephine
Temple:   nicolae_temple_ecumenical_triangle
Lair:1:   layout_layer_cave, portal_ice_cave_entry_ice_simulacra,
          gauntlet_entry_generic
IceCv:    ice_cave_caverns_01

Skill      XL: |  1  2  3  4  5  6  7  8  9 10 11 |
---------------+----------------------------------+-----
Ice Magic      | 4 5 6 7 8 |  8.0
Fighting       | 1 2 3 4 6 8 9 10 | 10.0
Armour         | 1 2 3 |  3.0
Summonings     | 2 5 7 8 |  8.7
Air Magic      | 2 5 7 |  7.9
Dodging        | |  1.7
Stealth        | |  1.7
Spellcasting   | |  2.2
Fire Magic     | |  0.3

Action                     |  1- 3 |  4- 6 |  7- 9 | 10-12 || total
---------------------------+-------+-------+-------+-------++-------
  Melee: Unarmed           |     1 |       |       |       ||     1
         Dagger            |    20 |       |       |       ||    20
         Mace              |    29 |    32 |    34 |       ||    95
         Tailslap          |     3 |     4 |    26 |    13 ||    46
         Spear             |       |       |   145 |   128 ||   273
         Punch             |       |       |     3 |     1 ||     4
   Cast: Freeze            |    44 |    32 |     7 |       ||    83
         Frozen Ramparts   |     1 |     4 |    34 |    26 ||    65
         Ozocubu's Armour  |       |     3 |    26 |    22 ||    51
         Summon Lightning  |       |       |       |     7 ||     7
 Invoke: Recall Ancestor   |       |       |     1 |     1 ||     2
         Ancestor Life: Kn |       |       |     1 |       ||     1
  Evoke: Wand              |       |       |    11 |       ||    11
    Use: Scroll            |     7 |     6 |     3 |     4 ||    20
         Potion            |       |       |     3 |     3 ||     6
   Stab: Sleeping          |     5 |     3 |       |       ||     8
         Distracted        |       |       |       |     3 ||     3
 Armour: Robe              |    43 |     2 |       |       ||    45
         Leather armour    |       |    40 |   145 |    18 ||   203
         Acid dragon scale |       |       |       |    92 ||    92
  Dodge: Dodged            |    46 |    42 |    91 |    51 ||   230
